[Event "Sabadell Open 2018"]
[Site "Sabadell"]
[Date "2018.09.10"]
[Round "9"]
[White "Serentill Tost, Eduard"]
[Black "Puente Fernandez, Lucas"]
[Result "1/2-1/2"]
[ECO "C13"]
[WhiteElo "1613"]
[BlackElo "1485"]
[Annotator "NA RC"]
[PlyCount "149"]
[EventDate "2018.09.01"]
[EventType "swiss"]
[EventCountry "ESP"]
[SourceTitle "playchess.com"]
[Source "ChessBase"]
[SourceQuality "1"]
[TimeControl "5400+30"]

1. e4 e6 2. d4 d5 3. Nc3 Nf6 4. Bg5 dxe4 5. Nxe4 Be7 6. Bxf6 Bxf6 7. Nf3 O-O 8. Qd2 b6 9. O-O-O Bb7 10. Qf4 Qe7 11. Nxf6+ Qxf6 12. Qxf6 gxf6 13. Be2 Nd7 14. h4 Kg7 15. g4 e5 16. Rh3 Rad8 17. g5 Bxf3 18. Bxf3 fxg5 19. hxg5 exd4 20. Be4 Nc5 21. Bxh7 Rh8 22. Rdh1 Ne6 23. Bd3 Rxh3 24. Rxh3 Nxg5 25. Rg3 Kf6 26. Rg4 Re8 27. b3 c5 28. Rf4+ Ke7 29. Rf5 Ne6 30. Bb5 Rh8 31. Rd5 Rd8 32. Re5 Kf6 33. Rh5 Rg8 34. Bd3 Rg5 35. Rh8 Rd5 36. Bc4 Rd8 37. Rh4 Rg8 38. Rh5 Ke7 39. Re5 Rg5 40. Re1 Rf5 41. Rf1 Ng5 42. Bd3 Rf4 43. Kd2 Ne4+ 44. Ke1 Nc3 45. a4 Ne4 46. Ke2 Nc3+ 47. Ke1 Kf6 48. Kd2 Kg5 49. Rg1+ Kh4 50. Ke1 Ne4 51. Rh1+ Kg4 52. Be2+ Kg5 53. Rh2 Nc3 54. Bd3 Rh4 55. Rg2+ Kf4 56. Rg7 Rh1+ 57. Bf1 f5 58. Rxa7 Kf3 59. Rb7 Nd5 60. Rg7 f4 61. Rd7 Nb4 62. Rb7 Nxc2+ 63. Kd2 Rxf1 64. Kxc2 Rxf2+ 65. Kd3 Re2 66. Rxb6 Kf2 67. a5 Ra2 68. a6 f3 69. Rc6 Ke1 70. Re6+ Kd1 71. Rf6 f2 72. a7 Rxa7 73. Rxf2 Ke1 74. Rf5 Rc7 75. Rd5 1/2-1/2